 Dungeon Crawl Stone Soup version 0.28.0-49-g6dfe1f597d (webtiles) character file.

Game seed: 5266153632421634615

32 NinjaNoafa the Insei (level 3, -4/27 HPs)
             Began as a Djinni Transmuter on May 11, 2022.
             Slain by a gnoll
             ... wielding a +0 flail
              (6 damage)
             ... on level 2 of the Dungeon.
             The game lasted 00:01:55 (1881 turns).

NinjaNoafa the Insei (Djinni Transmuter)            Turns: 1881, Time: 00:01:56

Health: -4/27      AC:  2    Str:  9    XL:     3   Next: 42%
Gold:   54         EV: 12    Int: 16    God:
                   SH:  0    Dex: 13

rFire   + + .      SeeInvis .     - Unarmed
rCold   x . .      Faith    .   (no shield)
rNeg    . . .      Spirit   .   a - +0 robe
rPois   ∞          Reflect  .   (no helmet)
rElec   .          Harm     .   (no cloak)
rCorr   .          Rampage  .   (no gloves)
Will    .....                   (boots unavailable)
Stlth   +.........              (no amulet)
HPRegen 0.09/turn               (no ring)
MPRegen 0.00/turn               (no ring)

@: flying
A: sickness immunity, fire resistance 2, cold vulnerability 1, float, innate
caster, HP casting, extra vitality 1
a: no special abilities


You were on level 2 of the Dungeon.
You visited 1 branch of the dungeon, and saw 2 of its levels.

You collected 54 gold pieces.

Inventory:

Missiles
 c - 57 stones
Armour
 a - a +0 robe (worn)


   Skills:
 - Level 1.0 Fighting
 - Level 2.1 Dodging
 - Level 3.0 Unarmed Combat
 + Level 2.7 Spellcasting


You couldn't memorise any spells.
You knew the following spells:

 Your Spells              Type           Power      Damage    Failure   Level
a - Beastly Appendage     Tmut           22%        N/A       6%          1
b - Wereblood             Tmut           11%        N/A       10%         2
c - Spider Form           Tmut/Pois      11%        N/A       19%         3
d - Ice Form              Ice/Tmut       11%        N/A       52%         4
e - Foxfire               Conj/Fire      44%        2x1d6     6%          1
Your spell library was empty.

Dungeon Overview and Level Annotations

Branches:
Dungeon (2/15)

Altars:


Innate Abilities, Weirdness & Mutations

You are immune to sickness and miasma.
You are immune to poison.
Your flesh is very heat resistant. (rF++)
You are vulnerable to cold. (rC-)
You float through the air rather than walking.
You learn spells naturally, not from books.
Your magical power is your life essence.
You have superior vitality. (+4 MHP)


Message History

The gnoll hits you with a +0 flail.
You barely miss the gnoll.
The gnoll is heavily wounded.
The gnoll hits you from afar with a +0 spear.
The gnoll hits you with a +0 flail.
Found 3 scrolls labelled KOIT ZOYLEBB.
It was a potion of curing.
You feel better.
As you read the scroll labelled OBORIE SUCIXOGEID, it crumbles to dust.
Magic quickly surges around you.
It was a scroll of vulnerability.
The gnoll hits you from afar with a +0 spear!
* * * LOW HITPOINT WARNING * * *
A gnoll comes into view. It is wielding a +0 flail.
Found 7 gold pieces.
Found a leather armour.
You see here 3 scrolls labelled KOIT ZOYLEBB.
Your transformation is almost over.
The gnoll shouts!
You see here 7 gold pieces.
You see here a +0 leather armour.
Your horns disappear.
A hobgoblin comes into view.
The hobgoblin shouts!
Found 17 arrows.
The hobgoblin barely misses you.
A ball python comes into view.
The gnoll hits you from afar with a +0 spear.
* * * LOW HITPOINT WARNING * * *
You feel better. The hobgoblin closely misses you.
The gnoll hits you but does no damage. The hobgoblin barely misses you.
The gnoll misses you. The gnoll closely misses you.
You feel your willpower return.
The ball python hisses angrily.
The gnoll hits you from afar with a +0 spear.
You barely miss the ball python. The ball python barely misses you. x2
The gnoll hits you with a +0 flail!
* * * LOW HITPOINT WARNING * * *
You closely miss the ball python. The ball python barely misses you.
The ball python misses you. The gnoll hits you with a +0 flail.
You die...

#... ## #.. ...#
#.. ...#
########.###..###
#.g....#.#.......
#.####.#.#.#..#
#.# #....(...#
#.# #.......S#
#g# #..##...@#
#.# #.....##g#
#.# ##.##.##g#
###g## #.....gg#
#....#####....g##
♣.♣♣...# #.....#
♣. ♣##g# #.....#
P #g# #.....# ♣.
#.# #.....#


You could see 4 gnolls, a hobgoblin and a ball python.

Vanquished Creatures
  6 ball pythons (D:1)
  2 bats (D:1)
  3 endoplasms (D:1)
  2 giant cockroaches (D:1)
  3 hobgoblins (D:1)
  A kobold (D:1)
  3 quokkas (D:1)
  A frilled lizard (D:1)
  3 goblins (D:1)
  2 rats (D:1)
26 creatures vanquished.

Notes
Turn   | Place    | Note
-------+----------+-------------------------------------------
     0 | D:1      | NinjaNoafa the Djinni Transmuter began the quest for the
                  | Orb.
     0 | D:1      | Reached XP level 1. HP: 17/17 MP: 0/0
   281 | D:1      | Reached XP level 2. HP: 18/22 MP: 0/0
   963 | D:1      | Reached XP level 3. HP: 10/27 MP: 0/0
   963 | D:1      | Learned a level 1 spell: Foxfire
  1497 | D:1      | Found a faded altar of an unknown god.
  1880 | D:2      | HP: 1/27 [gnoll/+0 flail (9)]
  1881 | D:2      | Slain by a gnoll

Illustrated notes

Levels and vault maps discovered:
D:1:      psy_arrival_dodecagon, layout_basic, ebering_ecumenical_altar_rust
D:2:      layout_loops_cross, serial_forest, infiniplex_forest_fountain,
          infiniplex_forest_straight_4, infiniplex_forest_zigzag_1,
          infiniplex_forest_end_2, infiniplex_forest_clump_double,
          infiniplex_forest_lined_2, minmay_misc_feat_cross

Skill      XL: |  1 |
---------------+----+-----
Spellcasting   | 2 |  2.7
Fighting       | |  1.0
Dodging        | |  2.1
Unarmed Combat | |  3.0

Action                   || total
-------------------------++-------
Melee: Unarmed           ||    85
       Headbutt          ||    13
       Punch             ||     3
 Cast: Beastly Appendage ||    19
  Use: Potion            ||     2
       Scroll            ||     1
 Stab: Sleeping          ||     1
Armor: Robe              ||    22
Dodge: Dodged            ||    78
